 Dungeon Crawl Stone Soup version 0.15.2 (webtiles) character file.

24 bullock the Magician (level 3, 0/19 HPs)
             Began as a Gargoyle Wizard on Nov 14, 2014.
             Slain by a rat (1 damage)
             ... on Level 1 of the Dungeon.
             The game lasted 00:03:06 (1020 turns).

bullock the Magician (Gargoyle Wizard)              Turns: 1020, Time: 00:03:06

HP   0/19        AC  5     Str 10      XL: 3   Next:  2%
MP   1/8         EV 11     Int 19      God:
Gold 86          SH  0     Dex  8      Spells:  3 memorised,  3 levels left

rFire  . . .     SeeInvis .     h - +0 club
rCold  . . .     Clarity  .     a - +0 robe
rNeg   + . .     rCorr    .     (no shield)
rPois  +         rRot     +     b - +0 hat
rElec  +         Spirit   .     (no cloak)
SustAb .         Warding  .     (no gloves)
rMut   .         Stasis   .     (no boots)
Gourm  .                        (no amulet)
MR     .....                    (no ring)
                                (no ring)

@: not resistant to hostile enchantments, unstealthy
A: negative energy resistance 1, electricity resistance, unbreathing,
petrification resistance, rot immunity, AC +3
a: no special abilities


You were on level 1 of the Dungeon.
You were not hungry.

You visited 1 branch of the dungeon, and saw 1 of its levels.

You collected 86 gold pieces.

Inventory:

Hand weapons
 h - a +0 club (weapon)
Armour
 a - a +0 robe (worn)
 b - a +0 hat (worn)
Comestibles
 d - a bread ration
 g - a royal jelly
Scrolls
 i - 2 scrolls of identify {unknown}
Potions
 e - a potion of curing {unknown}
Books
 c - a book of Minor Magic

   Spells                             Type                      Level
   *Magic Dart                        Conjuration                  1
   *Blink                             Translocation                2
   Call Imp                           Summoning                    2
   *Repel Missiles                    Charms/Air                   2
   Slow                               Hexes                        2
   Conjure Flame                      Conjuration/Fire             3
   Mephitic Cloud                     Conjuration/Poison/Air       3


   Skills:
 - Level 1.5 Dodging
 - Level 2.1 Stealth
 + Level 3.3 Spellcasting
 * Level 2.5 Conjurations
   Level 0.8 Summonings
 - Level 0.8 Translocations


You had 3 spell levels left.
You knew the following spells:

 Your Spells              Type           Power        Failure   Level  Hunger
a - Magic Dart            Conj           ##..         8%          1    None
q - Blink                 Tloc           N/A          17%         2    ##.....
v - Repel Missiles        Chrm/Air       #.....       24%         2    ##.....


Dungeon Overview and Level Annotations

Branches:
Dungeon (1/15)

Altars:


Innate Abilities, Weirdness & Mutations

You are resistant to torment.
You are immune to poison.
Your stone body is very resilient (AC +3).
You resist negative energy.
You are resistant to electric shocks.
You can survive without breathing.
You are immune to petrification.
You are immune to rotting.


Message History

Casting: Magic Dart
Confirm with . or Enter, or press ? or * to list all spells.
Aiming: Magic Dart
Press: ? - help, Shift-Dir - straight line, f - hobgoblin
Aim: a hobgoblin, wielding a club (lightly wounded)
The magic dart hits the hobgoblin.
The hobgoblin is lightly wounded.
Your magical contamination has completely faded away.
The rat closely misses you.
You closely miss the rat. The rat barely misses you.
The hobgoblin hits you but does no damage.
You barely miss the rat. The rat bites you.
* * * LOW HITPOINT WARNING * * *
The hobgoblin hits you but does no damage.
You barely miss the rat. The rat bites you but does no damage.
The hobgoblin barely misses you. The rat closely misses you.
You hit the rat but do no damage. The hobgoblin hits you with a club.
* * * LOW HITPOINT WARNING * * *
The rat bites you.
You die...

####......######..
...#..............
#..#####....####..
#..# #....# #.#
#.. #....# #.# #..
#....# #.# #.#
#....# #.# #r#
###### #). #@# ###
#g# ##### #.#
#....# #!#
######### #....#
#.# #........
#....# #.#
#......## #....#
#.# #......##
#....# #.#
#......##
#....###.#
#......##


You could see a hobgoblin and a rat.

Vanquished Creatures
  A ball python (D:1)
  5 goblins (D:1)
  5 hobgoblins (D:1)
  3 jackals (D:1)
  A bat (D:1)
  3 kobolds (D:1)
  2 rats (D:1)
20 creatures vanquished.

Notes
Turn   | Place    | Note
--------------------------------------------------------------
     0 | D:1      | bullock, the Gargoyle Wizard, began the quest for the Orb.
     0 | D:1      | Reached XP level 1. HP: 10/10 MP: 4/4
   254 | D:1      | Reached XP level 2. HP: 15/15 MP: 1/6
   574 | D:1      | Learned a level 2 spell: Blink
   577 | D:1      | Learned a level 2 spell: Repel Missiles
  1009 | D:1      | Reached XP level 3. HP: 5/19 MP: 0/8
  1020 | D:1      | Slain by a rat

Action                   || total
-------------------------++-------
Melee: Unarmed           ||    21
       Club              ||    21
 Cast: Magic Dart        ||    48
       Repel Missiles    ||     1
